 Dungeon Crawl Stone Soup version 0.29.1-15-g9cfb28693d (webtiles) character file.

Game seed: 17865746054174950383

46 KittyFluff the Trooper (level 3, -2/24 HPs)
             Began as a Gargoyle Berserker on Apr 9, 2023.
             Was a Believer of Trog.
             Slain by a gnoll
             ... wielding a +0 club
              (6 damage)
             ... on level 2 of the Dungeon.
             The game lasted 00:03:45 (1234 turns).

KittyFluff the Trooper (Gargoyle Berserker)         Turns: 1234, Time: 00:03:45

Health: -2/24      AC:  6    Str: 20    XL:     3   Next: 68%
Magic:  3/3        EV: 11    Int:  7    God:    Trog [**....]
Gold:   60         SH:  0    Dex: 11    Spells: 2/2 levels left

rFire   . . .      SeeInvis .   a - +0 mace
rCold   . . .      Faith    .   (no shield)
rNeg    + . .      Spirit   .   o - +0 leather armour
rPois   ∞          Reflect  .   (no helmet)
rElec   +          Harm     .   (no cloak)
rCorr   .          Rampage  .   (no gloves)
Will    .....                   (no boots)
Stlth   +.........              (no amulet)
HPRegen 0.08/turn               (no ring)
MPRegen 0.08/turn               (no ring)

@: no status effects
A: sickness immunity, AC +3, negative energy resistance 1, electricity
resistance, torment resistance 1, petrification resistance
a: Renounce Religion, Berserk, Trog's Hand


You were on level 2 of the Dungeon.
You worshipped Trog.
Trog was pleased with you.
You visited 1 branch of the dungeon, and saw 2 of its levels.

You collected 60 gold pieces.

Inventory:

Hand Weapons
 a - a +0 mace (weapon)
Missiles
 c - 25 stones (quivered)
Armour
 o - a +0 leather armour (worn)
Scrolls
 d - a scroll of magic mapping {unknown}
 e - a scroll of vulnerability {unknown}
 g - a scroll of identify {unknown}
 j - a scroll of fear {unknown}
 l - a scroll of butterflies {unknown}
 n - a scroll of brand weapon {unknown}
Potions
 f - a potion of lignification {unknown}
 h - a potion of cancellation {unknown}
 i - a potion of heal wounds {unknown}
 k - 2 potions of ambrosia {unknown}
 m - a potion of brilliance {unknown}


   Skills:
 + Level 3.8 Fighting
 + Level 3.7 Maces & Flails
 * Level 2.8 Armour
 + Level 1.7 Dodging


You had 2 spell levels left.
You didn't know any spells.
Your spell library was empty.

Dungeon Overview and Level Annotations

Branches:
Dungeon (2/15)

Altars:


Innate Abilities, Weirdness & Mutations

You are immune to sickness and miasma.
Your stone body is resilient. (AC +3)
You are immune to poison.
You resist negative energy. (rN+)
You are resistant to electric shocks. (rElec)
You are resistant to unholy torment.
You are immune to petrification.


Message History

The ball python hisses angrily.
You see here a +0 short sword.
Found 3 poisoned darts.
There is a stone staircase leading down here.
The ball python closely misses you. The ball python barely misses you.
The ball python bites you. The ball python grabs you.
The ball python constricts you.
You escape the ball python's grasp.
The ball python attacks as you move away!
The ball python barely misses you.
You barely miss the ball python. The ball python closely misses you.
The ball python grabs you. The ball python constricts you.
You closely miss the ball python.
The gnoll hits you from afar with a +0 spear.
The ball python barely misses you. The ball python constricts you.
The gnoll hits you from afar with a +0 spear.
The ball python bites you but does no damage.
The ball python constricts you.
You escape the ball python's grasp.
The ball python barely misses you. The ball python grabs you.
The ball python constricts you.
You escape the ball python's grasp.
The ball python barely misses you. The ball python closely misses you.
You hit the ball python.
You kill the ball python!
Trog accepts your kill. The gnoll barely misses you.
You see here a ball python corpse.
You barely miss the gnoll. The gnoll closely misses you.
The gnoll barely misses you.
You barely miss the gnoll.
The gnoll hits you from afar with a +0 spear. x2
The gnoll hits you with a +0 club.
* * * LOW HITPOINT WARNING * * *
You hit the gnoll.
The gnoll is heavily wounded.
The gnoll hits you from afar with a +0 spear.
* * * LOW HITPOINT WARNING * * *
The gnoll hits you with a +0 club.
You die...

#................[###....#
#.####...................#
#.# #....................
#.# #....................
#.####............).......
#.........>.###...........
#####.....glg.............
#.....#g#.............
#...g.#@#<............
#.....#.####..........
#.....#(..............
#....l######.##......
#...gg######....#...
##........lg....#...
#..................
#.......g..g.......
#..................


You could see 3 gnolls and a frilled lizard.

Vanquished Creatures
  An adder (D:2)
  A dart slug (D:1)
  2 bats (D:1)
  5 endoplasms (D:1)
  A giant cockroach (D:1)
  3 goblins
  4 hobgoblins
  3 quokkas (D:1)
  4 ball pythons
  5 kobolds
  2 rats (D:1)
31 creatures vanquished.

Notes
Turn   | Place    | Note
-------+----------+-------------------------------------------
     0 | D:1      | KittyFluff the Gargoyle Berserker began the quest for the
                  | Orb.
     0 | D:1      | Reached XP level 1. HP: 14/14 MP: 1/1
   122 | D:1      | Reached XP level 2. HP: 5/19 MP: 2/2
   371 | D:1      | Found a faded altar of an unknown god.
   680 | D:1      | Reached XP level 3. HP: 22/23 MP: 3/3
  1200 | D:2      | Reached ** piety under Trog
  1234 | D:2      | Slain by a gnoll

Illustrated notes

Levels and vault maps discovered:
D:1:      minmay_arrival_split_and_join, layout_basic,
          ebering_ecumenical_altar_hall, minmay_tall_x
D:2:      layout_basic

Action                   || total
-------------------------++-------
Melee: Mace              ||   107
Armor: Animal skin       ||    46
       Leather armour    ||     8
Dodge: Dodged            ||    88
